Map: Whispers of Gold

Players

chapaco

  • Race: Terran Terran
  • League: Silver
  • Spawn Location: 5:00

GangusKaun - Winner!

  • Race: Protoss Protoss
  • League: Gold
  • Spawn Location: 9:00

VOD

Have the link to the VOD?

Description

Time

  • Played on: Dec. 8, 2024, 3:13 p.m.
  • Length: 13:04
Show
View Real Time Build Order
Export as new Build Order

chapaco Terran 

Build Orders:  

Get SALT Encoding   

  12  0:00  SCV  
  13  0:13  SCV  
  14  0:18  Supply Depot  
  14  0:25  SCV  
  15  0:31  Refinery  
  15  0:42  Barracks  
  15  0:47  SCV  
  16  1:02  Barracks  
  16  1:13  Supply Depot  
  16  1:21  SCV  
  17  1:29  Reaper  
  18  1:39  SCV  
  19  1:48  Refinery  
  19  1:51  Reaper, SCV  
  21  2:04  Reaper  
  22  2:24  Reaper  
  23  2:52  Command Center  
  23  2:53  Factory  
  23  2:57  Reaper  
  24  3:12  Reaper  
  22  3:35  Barracks Reactor  
  22  3:37  Factory Tech Lab  
  22  3:43  Orbital Command  
  22  3:57  Siege Tank  
  25  4:04  Orbital Command  
  25  4:07  Bunker  
  25  4:08  Barracks Reactor  
  25  4:11  SCV  
  25  4:16  Refinery  
  26  4:31  Siege Tank  
  29  4:33  Marine x2  
  29  4:35  SCV x2  
  33  4:49  Starport  
  33  4:57  Marine x4  
  37  5:06  Siege Tank  
  40  5:18  SCV x2  
  40  5:19  Barracks  
  42  5:23  Marine x2  
  44  5:37  Supply Depot  
  44  5:44  Supply Depot  
  44  5:48  Liberator, Cyclone  
  50  5:59  Supply Depot  
  50  6:11  Marine x3  
  51  6:25  Engineering Bay  
  27  7:05  SCV x2  
  29  7:17  SCV x2  
  29  7:22  Medivac  
  33  7:23  Marine x3  
  36  7:43  Missile Turret  
  21  8:20  Starport Tech Lab  
  21  8:23  Missile Turret  
  21  8:24  SCV  
  22  8:34  SCV  
  23  8:47  Raven  
  25  8:50  SCV  
  26  9:00  Siege Tank  
  29  9:04  SCV  
  30  9:18  Marine x4  
  30  9:19  SCV  
  30  9:21  SCV  
  36  9:33  SCV x2  
  36  9:36  Marine x2  
  40  9:48  SCV x2  
  42  9:55  Siege Tank  
  42  9:56  Refinery  
  42  9:57  Marine x2  
  47  10:05  SCV x2  
  49  10:08  Missile Turret  
  48  10:31  SCV x2  
  48  10:33  Siege Tank  
  53  10:43  SCV x2  
  53  10:45  Barracks Tech Lab, Supply Depot  
  55  10:57  Supply Depot  
  55  11:14  Starport  
  55  11:15  SCV x2  
  57  11:20  Missile Turret  
  57  11:25  Marine x3  
  60  11:26  Marine  
  57  12:07  Marine x3  
  57  12:08  Marine x2  
  37  12:25  Marine x5  
  37  12:28  Siege Tank  
  42  12:33  Orbital Command  
  39  12:43  Marine  
Show
View Real Time Build Order
Export as new Build Order

GangusKaun Protoss - Winner!

Build Orders:  

Get SALT Encoding   

  12  0:12  Pylon  
  12  0:13  Probe  
  13  0:25  Probe  
  14  0:34  Gateway  
  14  0:36  Probe  
  15  0:44  Assimilator, Probe  
  16  0:52  Probe  
  17  1:03  Probe  
  18  1:15  Probe  
  19  1:27  Cybernetics Core  
  19  1:28  Probe  
  19  1:40  Probe  
  20  1:50  Nexus  
  20  1:52  Probe  
  21  1:58  Pylon  
  21  2:04  Probe  
  21  2:07  Assimilator  
  22  2:13  Adept  
  22  2:21  Warp Gate  
  24  2:30  Shield Battery  
  24  2:34  Probe  
  25  2:45  Twilight Council  
  25  2:46  Adept  
  27  2:53  Probe  
  28  3:05  Probe  
  29  3:43  Robotics Facility  
  29  3:50  Gateway  
  29  3:53  Probe  
  30  3:56  Probe  
  30  4:01  Dark Shrine  
  31  4:05  Pylon  
  31  4:06  Probe  
  32  4:11  Probe  
  33  4:18  Probe  
  33  4:23  Probe  
  35  4:24  Stalker  
  35  4:30  Probe  
  36  4:41  Gateway  
  36  4:45  Warp Prism  
  38  4:47  Shield Battery  
  38  4:51  Probe x2  
  40  5:02  Stalker  
  40  5:03  Probe x2  
  44  5:07  Stalker  
  46  5:16  Assimilator  
  46  5:17  Assimilator  
  46  5:20  Pylon  
  46  5:21  Probe  
  46  5:22  Probe  
  46  5:23  Pylon  
  48  5:29  Observer  
  48  5:34  Probe  
  48  5:35  Probe  
  51  5:36  Stalker  
  53  5:45  Dark Templar  
  55  5:50  Dark Templar  
  57  5:59  Dark Templar  
  59  6:10  Probe x2  
  61  6:20  Dark Templar  
  61  6:22  Probe  
  61  6:23  Zealot  
  60  6:47  Protoss Air Armor Level 1  
  60  6:52  Zealot x2  
  58  7:09  Immortal  
  62  7:21  Gateway  
  62  7:25  Gateway  
  62  7:27  Gateway  
  62  7:29  Blink  
  62  7:31  Gateway  
  62  7:34  Robotics Facility  
  62  7:38  Probe x2  
  53  7:59  Dark Templar  
  53  8:00  Dark Templar  
  53  8:01  Zealot  
  59  8:17  Archon  
  57  8:22  Probe x2  
  59  8:34  Probe x2  
  61  8:40  Nexus  
  61  8:43  Pylon  
  61  8:44  Shield Battery  
  61  8:46  Pylon, Probe x2  
  63  8:48  Pylon  
  63  9:00  Forge  
  63  9:02  Probe x2  
  65  9:04  Forge  
  65  9:05  Pylon  
  65  9:08  Pylon, Assimilator  
  65  9:11  Immortal x2, Pylon  
  65  9:14  Pylon, Probe x2  
  67  9:17  Pylon  
  67  9:18  Stalker x4  
  67  9:19  Stalker x2  
  67  9:21  Pylon  
  87  9:26  Probe x2  
  89  9:39  Assimilator  
  89  9:42  Shield Battery  
  89  9:44  Shield Battery  
  89  9:48  Shield Battery  
  89  9:49  Gateway  
  89  9:50  Probe  
  89  9:51  Photon Cannon  
  90  9:53  Photon Cannon, Probe  
  90  9:56  Observer, Photon Cannon  
  90  9:59  Observer  
  93  10:01  Photon Cannon  
  93  10:04  Dark Templar x2  
  93  10:05  Probe  
  98  10:14  Observer  
  97  10:26  Probe x2  
  97  10:27  Probe  
  98  10:43  Immortal x2  
  98  10:47  Dark Templar  
  98  10:48  Dark Templar x2  
  112  10:51  Zealot  
  112  10:52  Zealot x2  
  112  10:54  Observer  
  112  10:56  Archon x2  
  118  11:23  Immortal x2  
  126  11:27  Stalker x3  
  126  11:28  Stalker x3  
  138  11:50  Nexus  
  138  11:52  Pylon  
  136  11:55  Pylon  
  104  12:21  Stalker x4  
  104  12:22  Stalker x3  
  110  12:34  Probe x3  
  107  12:46  Probe  
  102  13:04  Assimilator  
Tags
 
Add a new tag
Caveats
  • Supply blocks, unpowered buildings, or Contaminate may cause inaccurate times.
  • Supply counts are checked every 10 seconds.